 Dungeon Crawl Stone Soup version 0.31-a0-542-gdc2a67831c (webtiles) character file.

Game seed: 4644310306419550950

4557 arthad the Spear-Bearer (level 10, -5/74 HPs)
             Began as a Gnoll Wanderer on Aug 14, 2023.
             Was a Follower of Cheibriados.
             Slain by a sixfirhy (12 damage)
             ... summoned by a kobold demonologist
             ... in a bailey.
             The game lasted 00:25:19 (8319 turns).

arthad the Spear-Bearer (Gnoll Wanderer)            Turns: 8319, Time: 00:25:20

Health: -5/74      AC: 11    Str: 15    XL:     10   Next: 40%
Magic:  18/18      EV: 12    Int: 13    God:    Cheibriados [*.....]
Gold:   493        SH:  0    Dex: 17    Spells: 19/19 levels left

rFire   . . .        y - +0 halberd (flame)
rCold   . . .        (shield currently unavailable)
rNeg    . . .        i - +3 scale mail
rPois   .            (helmet restricted)
rElec   .            (no cloak)
rCorr   .            q - +0 pair of gloves
SInv    +            (no boots)
Will    .....        (no amulet)
Stlth   ++           A - ring of wizardry
HPRegen 0.32/turn    (no ring)
MPRegen 0.16/turn

%: random rage (3%), wizardry (x1)
@: very slow
A: fangs 1, strong nose, distributed training, antennae 1, see invisible,
berserk 1
a: Renounce Religion, Bend Time


You were in a bailey.
You worshipped Cheibriados.
Cheibriados was aware of your devotion.
You visited 2 branches of the dungeon, and saw 9 of its levels.
You also visited: Sewer and Bailey.

You collected 532 gold pieces.
You spent 39 gold pieces at shops.

Inventory:

Hand Weapons
 a - a +2 spear
 b - a +0 falchion
 g - a +0 broad axe
 j - a +1 mace of holy wrath
 k - a +0 broad axe
 m - a +0 dagger of electrocution
 y - a +0 halberd of flaming (weapon)
 F - a +2 short sword of electrocution
 M - a +2 hand axe of flaming
Missiles
 n - 11 poisoned darts (quivered)
 L - 2 datura-tipped darts
Armour
 c - a +0 helmet
 e - a +0 robe
 i - a +3 scale mail (worn)
 q - a +0 pair of gloves (worn)
 s - a +0 buckler
 B - a +2 chain mail of fire resistance
Magical Staves
 o - a staff of fire
 z - a staff of conjuration
 H - a staff of air
Jewellery
 A - a ring of wizardry (left hand)
Wands
 d - a wand of polymorph (14)
 t - a wand of flame (22)
Scrolls
 l - a scroll of identify
 p - a scroll of torment
 v - a scroll of fog
 w - a scroll of noise
 I - a scroll of amnesia
Potions
 f - a potion of degeneration
 h - a potion of enlightenment
 G - a potion of resistance


   Skills:
 + Level 5.3 Fighting
 + Level 5.3 Short Blades
 + Level 6.0 Long Blades
 + Level 5.3 Axes
 + Level 5.3 Maces & Flails
 + Level 10.1 Polearms
 + Level 5.3 Staves
 + Level 5.3 Ranged Weapons
 + Level 5.3 Throwing
 + Level 6.0 Armour
 + Level 6.0 Dodging
 + Level 6.8 Stealth
 + Level 5.3 Shields
 + Level 5.3 Unarmed Combat
 + Level 5.3 Spellcasting
 + Level 4.4 Conjurations
 + Level 4.4 Hexes
 + Level 4.4 Summonings
 + Level 4.4 Necromancy
 + Level 4.4 Translocations
 + Level 4.4 Transmutations
 + Level 4.4 Fire Magic
 + Level 4.4 Ice Magic
 + Level 4.4 Air Magic
 + Level 4.4 Earth Magic
 + Level 4.4 Poison Magic
 + Level 5.9 Invocations
 + Level 6.0 Evocations
 + Level 4.4 Shapeshifting


You had 19 spell levels left.
You didn't know any spells.
Your spell library contained the following spells:

 Spells                   Type           Power      Damage    Failure   Level
 Apportation              Tloc           28%        N/A       4%          1
 Necrotise                Necr           56%        1d6       4%          1
 Summon Small Mammal      Summ           56%        N/A       4%          1
 Lesser Beckoning         Tloc           28%        N/A       6%          2
 Call Canine Familiar     Summ           14%        N/A       12%         3
 Gell's Gravitas          Tloc           14%        N/A       12%         3
 Inner Flame              Hex/Fire       14%        N/A       12%         3
 Ozocubu's Armour         Ice            14%        N/A       12%         3
 Summon Guardian Golem    Hex/Summ       14%        N/A       12%         3
 Teleport Other           Tloc           14%        N/A       12%         3
 Cause Fear               Hex            7%         N/A       36%         4
 Flame Wave               Conj/Fire      14%        2d6       36%         4
 Sticky Flame             Conj/Fire      14%        2d4       36%         4
 Fireball                 Conj/Fire      7%         3d5       69%         5
 Metabolic Englaciation   Hex/Ice        7%         N/A       69%         5
 Simulacrum               Ice/Necr       7%         N/A       99%         6
 Dragon's Call            Summ           7%         N/A       100%        9


Dungeon Overview and Level Annotations

Branches:
Dungeon (8/15)             Temple (1/1) D:5            Lair (0/5) D:8
  Sewer (visited)          Bailey (1/1)

Altars:
Ashenzari
Cheibriados
Dithmenos
Elyvilon
Fedhas
Kikubaaqudgha
Makhleb
Nemelex Xobeh
Okawaru
Qazlal
Sif Muna
Trog
Uskayaw
Vehumet
Wu Jian
Xom
Yredelemnul
Zin
The Shining One

Shops:
D:2 *   D:4 ?   D:6 (=[

Annotations:
D:7 Joseph, Maggie


Innate Abilities, Weirdness & Mutations

You have very sharp teeth.
Your uncanny sense of smell can sniff out nearby items.
Your experience applies equally to all skills.
You have a pair of small antennae on your head.
You have supernaturally acute eyesight. (SInv)
You sometimes lose your temper in combat.


Message History

The orc knight is lightly wounded.
The orc knight closely misses you.
You puncture the orc knight! You burn the orc knight.
The orc knight is moderately wounded.
The sixfirhy hits you. The sixfirhy shocks you!
The sixfirhy hits you but does no damage.
The sixfirhy hits you. The sixfirhy shocks you! The sixfirhy hits you.
The sixfirhy shocks you!
The kobold demonologist mumbles some strange words.
The sixfirhy hits you but does no damage.
The orc knight hits you with a +0 war axe.
You closely miss the orc knight.
The orc knight is moderately wounded.
The sixfirhy misses you. The sixfirhy hits you. The sixfirhy shocks you!
* * * LOW HITPOINT WARNING * * *
The sixfirhy hits you but does no damage.
The sixfirhy closely misses you.
You closely miss the orc knight.
The orc knight is heavily wounded.
The kobold demonologist mumbles some strange words.
The orc knight hits you with a +0 war axe.
* * * LOW HITPOINT WARNING * * *
You barely miss the orc knight.
The orc knight is heavily wounded.
The sixfirhy hits you but does no damage.
The sixfirhy barely misses you. x2
The sixfirhy hits you but does no damage.
You slash the orc knight! You burn the orc knight.
The orc knight is severely wounded.
The sixfirhy barely misses you. x3; The sixfirhy closely misses you.
The sixfirhy barely misses you. The orc knight barely misses you.
The sixfirhy completely misses you.
You barely miss the orc knight.
You bite the orc knight, but do no damage.
The orc knight is severely wounded.
The sixfirhy hits you but does no damage.
The sixfirhy misses you. The sixfirhy hits you.
* * * LOW HITPOINT WARNING * * *
The sixfirhy shocks you!
You die...

#≈≈≈≈≈#....))....#)......#....#≈
#≈≈≈≈≈#....#)....).8.8.8.#....#≈
#≈≈≈≈≈#.##############...######≈
#≈≈≈≈≈~.#[[+ ∆∆ #......#.~≈
#≈≈≈≈≈~.#[[# ∆∆ .#......#.~≈
#≈≈≈≈≈~.#..# ..#####)'#.~≈
#≈≈≈≈≈~.#########{...##.....#.~≈
#≈≈≈≈≈~.#..8.8.o#o4..##.....†...
#≈≈≈≈≈~∩.......@3gK..##..⌠.)))..
#≈≈≈≈≈~.#..8.8.3#5o..##.....'...
#≈≈≈≈≈~.#########{...##.....#.~≈
#≈≈≈≈≈~.# ..#####++#.~≈
#≈≈≈≈≈~.# ∆∆ .# #.~≈ #≈≈≈≈≈~.#.
∆∆ # #.~≈ #≈≈≈≈≈#.## ###≈
#≈≈≈≈≈#.. #≈ #≈


You could see an orc knight (poisoned, slow), an ice devil (summoned), a kobold
demonologist, 2 sixfirhies, an orc warrior, a gnoll, an orc and an ufetubus
(summoned).

Vanquished Creatures
  An orc high priest (Bailey)
  Grinder (D:3)
  Sigmund (D:4)
  Eustachio (D:6)
  A swamp worm (Bailey)
  Duvessa (D:6)
  2 water moccasins
  4 ice beasts
  2 ogres (D:4)
  7 orc warriors
  A phantom (D:5)
  4 kobold brigands (Sewer)
  4 bullfrogs
  Dowan (D:6)
  4 killer bees
  2 electric eels (Bailey)
  3 howler monkeys
  5 hounds
  2 jellies
  3 gnoll boudas
  3 iguanas
  2 sleepcaps
  Ijyb (D:3)
  9 gnolls
  12 adders
  2 river rats (Sewer)
  A shadow imp (D:5)
  3 white imps (D:5)
  An ufetubus (D:5)
  5 worms
  A dart slug (D:1)
  20 orcs
  10 ball pythons
  6 endoplasms
  5 giant cockroaches
  14 goblins
  12 hobgoblins
  2 jackals (D:2)
  7 quokkas
  6 bats
  6 frilled lizards
  15 kobolds
  10 rats
203 creatures vanquished.

Vanquished Creatures (others)
  A hound (D:5)
  An iguana (D:5)
  2 orcs (D:5)
4 creatures vanquished.

Grand Total: 207 creatures vanquished

Notes
Turn   | Place    | Note
-------+----------+-------------------------------------------
     0 | D:1      | arthad the Gnoll Wanderer began the quest for the Orb.
     0 | D:1      | arthad set off with the following items: a +2 spear, a +0
                  | falchion, a +0 helmet, a potion of curing, a +0 robe.
     0 | D:1      | Reached XP level 1. HP: 13/13 MP: 1/1
   184 | D:1      | Reached XP level 2. HP: 15/19 MP: 2/2
   428 | D:1      | Reached XP level 3. HP: 25/25 MP: 3/3
   481 | D:1      | Found a faded altar of an unknown god.
   635 | D:2      | Found Wiasau's General Store.
   640 | D:2      | Reached skill level 1 in Invocations
   715 | D:2      | Found a radiant altar of Vehumet.
   797 | D:2      | Reached skill level 1 in Fighting
   797 | D:2      | Reached skill level 1 in Short Blades
   797 | D:2      | Reached skill level 1 in Axes
   797 | D:2      | Reached skill level 1 in Maces & Flails
   797 | D:2      | Reached skill level 1 in Staves
   797 | D:2      | Reached skill level 1 in Ranged Weapons
   797 | D:2      | Reached skill level 1 in Throwing
   797 | D:2      | Reached skill level 1 in Shields
   797 | D:2      | Reached skill level 1 in Unarmed Combat
   797 | D:2      | Reached skill level 1 in Spellcasting
   801 | D:2      | Reached XP level 4. HP: 21/32 MP: 5/5
  1217 | D:3      | Noticed Ijyb
  1255 | D:3      | Reached skill level 1 in Conjurations
  1255 | D:3      | Reached skill level 1 in Hexes
  1255 | D:3      | Reached skill level 1 in Summonings
  1255 | D:3      | Reached skill level 1 in Necromancy
  1255 | D:3      | Reached skill level 1 in Translocations
  1255 | D:3      | Reached skill level 1 in Transmutations
  1255 | D:3      | Reached skill level 1 in Fire Magic
  1255 | D:3      | Reached skill level 1 in Ice Magic
  1255 | D:3      | Reached skill level 1 in Air Magic
  1255 | D:3      | Reached skill level 1 in Earth Magic
  1255 | D:3      | Reached skill level 1 in Poison Magic
  1255 | D:3      | Reached skill level 1 in Shapeshifting
  1381 | D:3      | Killed Ijyb
  1509 | D:3      | Noticed Grinder
  1532 | D:3      | Killed Grinder
  1533 | D:3      | Reached XP level 5. HP: 28/38 MP: 5/8
  1533 | D:3      | Reached XP level 6. HP: 32/44 MP: 5/9
  1773 | D:3      | Found a blossoming altar of Fedhas.
  1974 | D:4      | Noticed Edmund
  1993 | D:4      | Edmund changed into Edmund the bullfrog
  1993 | D:4      | Noticed Edmund
  1999 | D:4      | Killed Edmund the bullfrog
  2299 | D:4      | Reached XP level 7. HP: 25/51 MP: 10/10
  2666 | D:4      | Reached skill level 9 in Polearms
  2666 | D:4      | Reached skill level 5 in Stealth
  2903 | D:4      | Found Moarerok's Magic Scroll Emporium.
  2906 | D:4      | Bought a scroll of teleportation for 39 gold pieces
  3104 | D:4      | Noticed Sigmund
  3120 | D:4      | Killed Sigmund
  3121 | D:4      | Reached XP level 8. HP: 57/57 MP: 12/12
  3367 | D:5      | Entered Level 5 of the Dungeon
  3368 | D:5      | Found a staircase to the Ecumenical Temple.
  3403 | Temple   | Entered the Ecumenical Temple
  3570 | D:5      | Found a glowing drain.
  3582 | Sewer    | Entered a sewer
  4418 | D:5      | Found a shimmering altar of Xom.
  4794 | D:5      | Found a stormy altar of Qazlal.
  5154 | D:6      | Reached XP level 9. HP: 65/65 MP: 14/14
  5154 | D:6      | Found Fygelee's Weapon Shop.
  5296 | D:6      | Noticed Eustachio
  5387 | D:6      | Killed Eustachio
  5388 | D:6      | Reached skill level 5 in Long Blades
  5388 | D:6      | Reached skill level 5 in Armour
  5388 | D:6      | Reached skill level 5 in Dodging
  5388 | D:6      | Reached skill level 5 in Evocations
  5473 | D:6      | Found Qiasacvi's Antique Armour Boutique.
  5536 | D:6      | Found Yficamp's Jewellery Shoppe.
  5688 | D:6      | Noticed Duvessa
  5688 | D:6      | Noticed Dowan
  5702 | D:6      | Gained mutation: You sometimes lose your temper in combat.
                  | [potion of mutation]
  5702 | D:6      | Gained mutation: You occasionally lose the ability to drink
                  | potions when taking damage. [potion of mutation]
  5702 | D:6      | Gained mutation: You have an uncontrollable temper. [potion
                  | of mutation]
  5703 | D:6      | Lost mutation: You occasionally lose the ability to drink
                  | potions when taking damage. [potion of mutation]
  5703 | D:6      | Lost mutation: You have an uncontrollable temper. [potion
                  | of mutation]
  5703 | D:6      | Gained mutation: You have supernaturally acute eyesight.
                  | (SInv) [potion of mutation]
  5703 | D:6      | Gained mutation: You have a pair of small antennae on your
                  | head. [potion of mutation]
  5704 | D:6      | Killed Dowan
  5714 | D:6      | Killed Duvessa
  5965 | D:6      | Found a snail-covered altar of Cheibriados.
  6050 | D:6      | Became a worshipper of Cheibriados the Contemplative
  6333 | D:7      | Reached skill level 5 in Invocations
  6439 | D:7      | Noticed Joseph
  6440 | D:7      | Noticed a two-headed ogre
  6641 | D:7      | Noticed Maggie
  7052 | D:7      | Noticed a troll
  7333 | D:8      | Reached XP level 10. HP: 9/73 MP: 17/17
  7342 | D:8      | Found a flagged portal.
  7354 | Bailey   | Entered a bailey
  7563 | Bailey   | Reached * piety under Cheibriados
  7689 | Bailey   | Reached skill level 5 in Fighting
  7689 | Bailey   | Reached skill level 5 in Short Blades
  7689 | Bailey   | Reached skill level 5 in Axes
  7689 | Bailey   | Reached skill level 5 in Maces & Flails
  7689 | Bailey   | Reached skill level 5 in Staves
  7689 | Bailey   | Reached skill level 5 in Ranged Weapons
  7689 | Bailey   | Reached skill level 5 in Throwing
  7689 | Bailey   | Reached skill level 5 in Shields
  7689 | Bailey   | Reached skill level 5 in Unarmed Combat
  7689 | Bailey   | Reached skill level 5 in Spellcasting
  7696 | Bailey   | Reached skill level 10 in Polearms
  7767 | Bailey   | Noticed an orc high priest
  7781 | Bailey   | HP: 3/74 [orc high priest/nerve-wracking pain (11)]
  7784 | Bailey   | Killed an orc high priest
  8019 | Bailey   | Noticed an orc knight
  8022 | Bailey   | an orc knight changed into a swamp worm
  8026 | Bailey   | HP: 1/74 [swamp worm (7)]
  8310 | Bailey   | Found an iron altar of Okawaru.
  8310 | Bailey   | Noticed an orc knight
  8310 | Bailey   | Noticed a kobold demonologist
  8312 | Bailey   | Noticed a sixfirhy
  8313 | Bailey   | Noticed a sixfirhy
  8319 | Bailey   | Slain by a sixfirhy

Illustrated notes

Levels and vault maps discovered:
D:1:      ldierk_walled_garden, layout_rooms, dreamdust_ecumenical_altar_grove
D:2:      layout_rooms, serial_shops, shop, minmay_hexomino_r4
D:3:      layout_rooms, mainiacjoe_overflow_paths, uniq_ijyb, uniq_grinder
D:4:      layout_basic, serial_shops, nicolae_shop_real_fake_doors,
          uniq_sigmund, uniq_edmund
D:5:      wander_river, layout_basic, xom_confusion_cloud, grunt_qazlal_clouds,
          minmay_temple_entry_statues_fountains, serial_bayou,
          serial_bayou_lake_a, serial_bayou_shore_b, serial_bayou_pond_a,
          gup_sewer_entry_pipe
D:6:      layout_rooms, slow_altar_2, serial_shops,
          nicolae_shop_overgrown_old_shop, nicolae_shop_gaudy_bauble,
          nicolae_shop_bloodbath_and_beyond, uniq_eustachio, uniq_duvessa
D:7:      layout_rooms, uniq_joseph, uniq_maggie
D:8:      layout_cave_pools, gammafunk_temple_overflow_pools, erik_lair_dragon,
          enter_bailey_2, hellmonk_ghost_big_iron, enter_ossuary_4
Temple:   nicolae_temple_ecumenical_triangle
Bailey:   bailey_axe_of_yendor_kennysheep, bailey

Skill      XL: |  1  2  3  4  5  6  7  8  9 10 |
---------------+-------------------------------+-----
Invocations    | 1 2 3 4 5 |  5.9
Fighting       | 1 2 3 4 5 |  5.3
Short Blades   | 1 2 3 4 5 |  5.3
Axes           | 1 2 3 4 5 |  5.3
Maces & Flails | 1 2 3 4 5 |  5.3
Staves         | 1 2 3 4 5 |  5.3
Ranged Weapons | 1 2 3 4 5 |  5.3
Throwing       | 1 2 3 4 5 |  5.3
Shields        | 1 2 3 4 5 |  5.3
Unarmed Combat | 1 2 3 4 5 |  5.3
Spellcasting   | 1 2 3 4 5 |  5.3
Conjurations   | 1 2 3 4 |  4.4
Hexes          | 1 2 3 4 |  4.4
Summonings     | 1 2 3 4 |  4.4
Necromancy     | 1 2 3 4 |  4.4
Translocations | 1 2 3 4 |  4.4
Transmutations | 1 2 3 4 |  4.4
Fire Magic     | 1 2 3 4 |  4.4
Ice Magic      | 1 2 3 4 |  4.4
Air Magic      | 1 2 3 4 |  4.4
Earth Magic    | 1 2 3 4 |  4.4
Poison Magic   | 1 2 3 4 |  4.4
Shapeshifting  | 1 2 3 4 |  4.4
Long Blades    | 3 4 5 6 |  6.0
Armour         | 3 4 5 6 |  6.0
Dodging        | 3 4 5 6 |  6.0
Evocations     | 3 4 5 6 |  6.0
Polearms       | 9 10 | 10.1
Stealth        | 5 6 |  6.8

Action                     |  1- 3 |  4- 6 |  7- 9 | 10-12 || total
---------------------------+-------+-------+-------+-------++-------
  Melee: Spear             |   135 |   159 |   667 |       ||   961
         Bite              |     8 |    19 |    78 |     8 ||   113
         Punch             |     2 |       |       |       ||     2
         Halberd           |       |       |    23 |    74 ||    97
  Throw: Dart              |       |    17 |    88 |    14 ||   119
  Evoke: Wand              |       |     1 |    16 |     7 ||    24
    Use: Potion            |       |     3 |     7 |     1 ||    11
         Scroll            |       |       |    17 |     1 ||    18
   Stab: Sleeping          |     3 |     2 |     4 |       ||     9
         Distracted        |       |       |     1 |       ||     1
         Fleeing           |       |       |       |     1 ||     1
 Armour: Robe              |     3 |       |       |       ||     3
         Scale mail        |    49 |    29 |   209 |    23 ||   310
         Skin              |       |     7 |       |       ||     7
  Dodge: Dodged            |    31 |    34 |   179 |    60 ||   304
  Block: Buckler           |       |    10 |    87 |       ||    97

Table legend: (Time is in decaauts)
 A = Elapsed time spent in this place.
 B = Non-inter-level travel time spent in this place.
 C = Inter-level travel time spent in this place.
 D = Time resting spent in this place.
 E = Time spent auto-exploring this place.
 F = Levels seen in this place.
 G = Mean time per level.
                   A        B        C        D        E       F      G
               +--------+--------+--------+--------+--------+-----+--------+
         Total |   8444 |   8216 |    228 |   1401 |   4838 |  11 |  767.6 |
       Dungeon |   6532 |   6304 |    228 |    839 |   3942 |   8 |  816.5 |
        Temple |      1 |      1 |      0 |      0 |      0 |   1 |    1.0 |
         Sewer |    891 |    891 |      0 |      0 |    634 |   1 |  891.0 |
        Bailey |   1018 |   1018 |      0 |    562 |    261 |   1 | 1018.0 |
               +--------+--------+--------+--------+--------+-----+--------+

Top non-repeatable levels by time:
     D:4: 1355 daAuts
     D:6: 1192 daAuts
     D:5: 1019 daAuts
  Bailey: 1018 daAuts
   Sewer: 891 daAuts
     D:7: 876 daAuts
     D:2: 693 daAuts
     D:3: 634 daAuts
     D:1: 553 daAuts
     D:8: 207 daAuts
  Temple: 1 daAuts
